 Dungeon Crawl Stone Soup version 0.30-a0-949-g53dc5368d7 (webtiles) character file.

Game seed: 487394874167061188

38 DeathPants the Twirler (level 3, -1/18 HPs)
             Began as a Vine Stalker Gladiator on Mar 27, 2023.
             Slain by an orc
             ... wielding a +0 morningstar
              (9 damage)
             ... on level 1 of the Dungeon.
             The game lasted 00:02:05 (590 turns).

DeathPants the Twirler (Vine Stalker Gladiator)      Turns: 590, Time: 00:02:06

Health: -1/18      AC:  4    Str: 16    XL:     3   Next: 43%
Magic:  0/5        EV: 12    Int: 10    God:
Gold:   43         SH:  0    Dex: 15    Spells: 4/4 levels left

rFire   . . .      SeeInvis .    a - +0 quarterstaff
rCold   . . .      Faith    .    (shield currently unavailable)
rNeg    . . .      Spirit   +    b - +0 leather armour
rPois   .          Reflect  .    c - +0 helmet
rElec   .          Rampage  .    (no cloak)
rCorr   .                        (no gloves)
Will    .....                    (no boots)
Stlth   +                        (no amulet)
HPRegen 0.23/turn                (no ring)
MPRegen 0.09/turn                (no ring)

@: no status effects
A: fangs 2, magic shield, antimagic bite, no potion heal 2
a: no special abilities


You were on level 1 of the Dungeon.
You visited 1 branch of the dungeon, and saw 2 of its levels.

You collected 43 gold pieces.

Inventory:

Hand Weapons
 a - a +0 quarterstaff (weapon)
Missiles
 d - 3 throwing nets (quivered)
 e - a javelin
Armour
 b - a +0 leather armour (worn)
 c - a +0 helmet (worn)
Scrolls
 g - 2 scrolls of identify {unknown}
 h - a scroll of amnesia {unknown}
Potions
 f - 2 potions of attraction {unknown}
 i - a potion of flight {unknown}
 j - a potion of might {unknown}


   Skills:
 + Level 2.1 Fighting
 * Level 3.3 Staves
 - Level 1.7 Throwing
 + Level 2.6 Dodging
 + Level 1.1 Spellcasting


You had 4 spell levels left.
You didn't know any spells.
Your spell library contained the following spells:

 Spells                   Type           Power      Damage    Failure   Level
 Sting                    Tmut/Pois      0%         1d3       38%         1
 Poisonous Vapours        Pois/Air       0%         N/A       54%         2
 Olgreb's Toxic Radiance  Pois           0%         N/A       99%         4


Dungeon Overview and Level Annotations

Branches:
Dungeon (2/15)

Altars:


Innate Abilities, Weirdness & Mutations

You have extremely sharp teeth.
When hurt, damage is shared between your health and your magic reserves.
Your bite disrupts and absorbs the magic of your enemies.
Potions cannot restore your health.


Message History

You see here a ball python corpse.
Found 3 stones.
Found 8 stones.
You see here 3 stones.
You see here 8 stones.
A rat and a goblin come into view.
The goblin shouts!
You sock the goblin!
You kill the goblin!
The rat bites you but does no damage.
Things that are here:
a +0 club; a goblin corpse You hit the rat.
You kill the rat!
You see here a rat corpse.
Found a stone staircase leading down.
There is a stone staircase leading down here.
You climb downwards.
The goblin shouts!
The orc shouts!
The orc throws a boomerang.
The boomerang hits you.
Found a scroll labelled ITHYETW IQUKHLUFI.
Found a stone staircase leading down.
There is a stone staircase leading up, spattered with blood here.
The rat twitches its whiskers.
You closely miss the rat. The rat barely misses you.
You hit the rat.
You kill the rat!
You barely miss the rat. The rat bites you.
You barely miss the rat. The goblin hits you but does no damage.
The rat closely misses you.
You closely miss the rat. You bite the rat.
You kill the rat!
The orc hits you with a +0 morningstar! The goblin misses you.
The orc hits you with a +0 morningstar. The goblin hits you but does no damage.
You climb upwards.
There is a stone staircase leading down here.
You completely miss the orc. Your bite misses the orc. The goblin misses you.
The orc hits you with a +0 morningstar!
Ouch! That really hurt!
You die...

#####.##.............#.# #
#.##.##...#.##.###.# #
#.##.##...#.##.# #.#
#####.........#.##.###.#######
.†...........##.....)........#
########)###.#####........##.#
# #####.# #.# #.###.##.##.#
####.....###.#####.###.##.##.#
.....###.......g@......##.##.#
####.# #.........o.######.##.#
#.###.########### #.##.####
#.....# #........ ###.###
####.#### #.# #.# #.# #.# #
#.# #.# # #.# #.#


You could see an orc and a goblin.

Vanquished Creatures
  4 endoplasms
  A giant cockroach (D:2)
  4 goblins
  4 hobgoblins (D:1)
  2 kobolds (D:1)
  2 quokkas (D:1)
  4 ball pythons
  4 bats (D:1)
  4 frilled lizards (D:1)
  6 rats
35 creatures vanquished.

Notes
Turn   | Place    | Note
-------+----------+-------------------------------------------
     0 | D:1      | DeathPants the Vine Stalker Gladiator began the quest for
                  | the Orb.
     0 | D:1      | Reached XP level 1. HP: 11/11 MP: 2/2
    93 | D:1      | Reached XP level 2. HP: 13/15 MP: 3/3
   153 | D:2      | Reached skill level 3 in Staves
   369 | D:1      | Reached XP level 3. HP: 18/18 MP: 5/5
   381 | D:1      | Reached skill level 1 in Spellcasting
   590 | D:1      | Slain by an orc

Illustrated notes

Levels and vault maps discovered:
D:1:      kennysheep_arrival_seaside, layout_loops_ring
D:2:      layout_rooms, basic_altar

Skill      XL: |  1  2  3 |
---------------+----------+-----
Fighting       | 2 |  2.1
Staves         | 3 |  3.3
Spellcasting   | 1 |  1.1
Throwing       | |  1.7
Dodging        | |  2.6

Action                     || total
---------------------------++-------
  Melee: Quarterstaff      ||    72
         Bite              ||    12
 Armour: Leather armour    ||    24
  Dodge: Dodged            ||    54

Table legend: (Time is in decaauts)
 A = Elapsed time spent in this place.
 B = Non-inter-level travel time spent in this place.
 C = Inter-level travel time spent in this place.
 D = Time resting spent in this place.
 E = Time spent auto-exploring this place.
 F = Levels seen in this place.
 G = Mean time per level.
                   A        B        C        D        E       F      G
               +--------+--------+--------+--------+--------+-----+--------+
         Total |    601 |    601 |      0 |      0 |    297 |   2 |  300.5 |
       Dungeon |    601 |    601 |      0 |      0 |    297 |   2 |  300.5 |
               +--------+--------+--------+--------+--------+-----+--------+

Top non-repeatable levels by time:
     D:1: 544 daAuts
     D:2: 56 daAuts
